 Seeded DCSS version 0.30.0-29-ga12c61a403 (webtiles) character file.

Game seed: 14673204648628227727 (custom seed)

79 McKennaii the Conjurer (level 3, 26/26 HPs)
             Began as a Demigod Conjurer on June 11, 2023.
             Quit the game on level 2 of the Dungeon.
             The game lasted 00:01:55 (1969 turns).

McKennaii the Conjurer (Demigod Conjurer)           Turns: 1969, Time: 00:01:56

Health: 26/26      AC:  2    Str:  8    XL:     3   Next: 97%
Magic:  8/10       EV: 12    Int: 24    God:
Gold:   2159       SH:  0    Dex: 18    Spells: 6/7 levels left

rFire   . . .        g - staff of conjuration
rCold   + . .        (no shield)
rNeg    + . .        a - +0 robe
rPois   .            (no helmet)
rElec   +            (no cloak)
rCorr   +            (no gloves)
SInv    .            (no boots)
Will    .....        j - amulet of regeneration
Stlth   ++           n - ring of the Moon {rElec rN+ rCorr Dex+6}
HPRegen 1.04/turn    m - ring of protection from cold
MPRegen 0.12/turn

%: no passive effects
@: no status effects
A: high MP 1, forlorn, divine attributes
a: no special abilities


You were on level 2 of the Dungeon.
You visited 1 branch of the dungeon, and saw 2 of its levels.

You collected 2159 gold pieces.

Inventory:

Missiles
 c - 2 throwing nets
Armour
 a - a +0 robe (worn)
Magical Staves
 g - a staff of conjuration (weapon)
Jewellery
 j - an amulet of regeneration (around neck)
 m - a ring of protection from cold (right hand)
 n - the ring of the Moon (left hand) {rElec rN+ rCorr Dex+6}
   (You acquired it on level 2 of the Dungeon)

   [ring of dexterity]

   Dex:       It affects your dexterity (+6).
   rElec:     It insulates you from electricity.
   rN:        It protects you from negative energy.
   rCorr:     It protects you from acid and corrosion.
Scrolls
 d - a scroll of enchant weapon {unknown}
 e - a scroll of enchant armour {unknown}
 h - 3 scrolls of identify {unknown}
 i - a scroll of teleportation {unknown}
Potions
 b - a potion of magic
 f - a potion of might {unknown}
 k - a potion of flight {unknown}
 l - a potion of mutation {unknown}


   Skills:
 - Level 1.7 Dodging
 - Level 1.7 Stealth
 + Level 2.9 Spellcasting
 + Level 4.4 Conjurations


You had 6 spell levels left.
You knew the following spells:

 Your Spells              Type           Power      Damage    Failure   Level
a - Magic Dart            Conj           100%       1d8       1%          1

Your spell library contained the following spells:

 Spells                   Type           Power      Damage    Failure   Level
 Searing Ray              Conj           74%        2d7       2%          2
 Dazzling Flash           Conj/Hex       42%        N/A       13%         3
 Fulminant Prism          Conj/Hex       10%        3d8       41%         4
 Iskenderun's Mystic Bla  Conj/Tloc      21%        2d6       41%         4
 Passage of Golubria      Tloc           3%         N/A       73%         4
 Silence                  Hex/Air        1%         N/A       97%         5
 Lehudib's Crystal Spear  Conj/Erth      10%        10d4      100%        8


Dungeon Overview and Level Annotations

Branches:
Dungeon (2/15)


Innate Abilities, Weirdness & Mutations

You have an increased reservoir of magic. (+10% MP)
You shall have no god before yourself.
Your divine heritage dramatically boosts your attributes as you level up.


Message History

There is an open door here.
An endoplasm comes into view.
You feel a surge of power!
The magic dart hits the endoplasm!
You kill the endoplasm!
A hobgoblin comes into view.
The hobgoblin shouts!
You feel a surge of power!
The magic dart hits the hobgoblin but does no damage.
Okay, then.
This is a scroll of acquirement!
Something appears at your feet!
Okay, then.
Something appears at your feet! Something appears at your feet!
Okay, then.
Okay, then.
You feel a surge of power!
The magic dart hits the hobgoblin.
The hobgoblin is moderately wounded.
You feel a surge of power!
The magic dart hits the hobgoblin.
The hobgoblin is severely wounded.
You feel a surge of power!
The magic dart hits the hobgoblin!
You kill the hobgoblin!
You can't see any susceptible monsters within range! (Use Z to cast anyway.)
You can't see any susceptible monsters within range! (Use Z to cast anyway.)
n - the ring of the Moon {rElec rN+ rCorr Dex+6} You now have 2159 gold pieces (gained 2095).
You feel agile.
n - the ring of the Moon (left hand) {rElec rN+ rCorr Dex+6}
m - a ring of protection from cold (right hand)
You see here a hobgoblin corpse.
h - 3 scrolls labelled SAILOUH KYEZXU (gained 1)
Found 3 stones.
A quokka comes into view.
You feel a surge of power!
The magic dart hits the quokka.
The quokka is severely wounded.
You feel a surge of power!
The magic dart hits the quokka.
You kill the quokka!
You can't see any susceptible monsters within range! (Use Z to cast anyway.)
You can't see any susceptible monsters within range! (Use Z to cast anyway.) Are you sure you want to abandon this character and quit the game? (Confirm with "yes".)

###########
#.........#
#.........#
#.#####...#
######.###.....####
#.@........#.......
#.####.#####...####
#. #.####.....# #.
#(........## #.
#........## #.
########.# #. #.#
#. ##+# ##...##


There were no monsters in sight!

Vanquished Creatures
  Jessica (D:2)
  A dart slug (D:2)
  4 bats
  3 endoplasms
  A giant cockroach (D:1)
  9 goblins
  2 hobgoblins
  7 jackals (D:1)
  2 kobolds (D:1)
  2 quokkas (D:2)
  8 ball pythons
  3 frilled lizards
  4 rats
47 creatures vanquished.

Notes
Turn   | Place    | Note
-------+----------+-------------------------------------------
     0 | D:1      | McKennaii the Demigod Conjurer began the quest for the Orb.
     0 | D:1      | Reached XP level 1. HP: 14/14 MP: 5/5
   421 | D:1      | Reached XP level 2. HP: 20/20 MP: 3/7
   515 | D:1      | Reached skill level 4 in Conjurations
  1096 | D:1      | Reached XP level 3. HP: 26/26 MP: 7/9
  1385 | D:2      | Noticed Jessica
  1387 | D:2      | Killed Jessica
  1887 | D:2      | Identified 3 scrolls of acquirement
  1887 | D:2      | Acquired 1091 gold pieces
  1888 | D:2      | Acquired 1004 gold pieces
  1889 | D:2      | Acquired the ring of the Moon {rElec rN+ rCorr Dex+6}
  1969 | D:2      | Quit the game

Illustrated notes

Levels and vault maps discovered:
D:1:      sevenhm_arrival_forest_fort_small_4, layout_basic,
          hellmonk_ecumenical_altar_lost_god
D:2:      layout_loops_corners, basic_altar, uniq_natasha, uniq_jessica

Skill      XL: |  1  2 |
---------------+-------+-----
Spellcasting   | 2 |  2.9
Conjurations   | 4 |  4.4
Dodging        | |  1.7
Stealth        | |  1.7

Action                     || total
---------------------------++-------
  Melee: Staff             ||    15
         Unarmed           ||     3
   Cast: Magic Dart        ||    79
    Use: Scroll            ||     3
 Armour: Robe              ||    10
  Dodge: Dodged            ||    27
